 Dungeon Crawl Stone Soup version 0.28-a0-751-gef3a642a4e (webtiles) character file.

Game seed: 17370318971531124980

7007 flotson the Fighter (level 10, -8/80 HPs)
             Began as a Demonspawn Delver on Oct 30, 2021.
             Mangled by a freezing wraith (23 damage)
             ... on level 8 of the Dungeon.
             The game lasted 00:11:55 (7726 turns).

flotson the Fighter (Demonspawn Delver)             Turns: 7726, Time: 00:11:57

Health: -8/80      AC: 15    Str: 22    XL:     10   Next: 82%
Magic:  10/10      EV: 18    Int: 11    God:
Gold:   463        SH:  0    Dex: 16    Spells: 9/9 levels left

rFire   + . .      SeeInvis +   a - +8 rapier "Grim" {flame, rElec rC- Will- SInv}
rCold   . . .      Faith    .   (no shield)
rNeg    . . .      Spirit   .   y - +4 ring mail of the Lute {rC+ Str+7}
rPois   .          Reflect  .   (no helmet)
rElec   +          Harm     .   (no cloak)
rCorr   .          Rampage  .   h - +0 pair of gloves
Will    .....                   v - +0 pair of boots
Stlth   ++........              E - amulet of regeneration
HPRegen 1.23/turn               b - +4 ring of evasion
MPRegen 0.12/turn               t - ring of protection from fire

@: slowed, very slow
A: claws 2, foul stench 1, spiny 2, sharp scales 2
a: no special abilities


You were on level 8 of the Dungeon.
You visited 2 branches of the dungeon, and saw 9 of its levels.
You also visited: Ossuary.

You collected 463 gold pieces.

Inventory:

Hand Weapons
 a - the +8 rapier "Grim" (weapon) {flame, rElec rC- Will- SInv}
   (You found it on level 7 of the Dungeon)

   It burns those it strikes, dealing additional fire damage.
   rC:        It makes you vulnerable to cold.
   rElec:     It insulates you from electricity.
   SInv:      It lets you see invisible.
   Will:      It decreases your willpower.
 e - a +2 trident of freezing
 I - a +0 hand axe
 L - a +1 morningstar of freezing
 P - a +1 vampiric war axe
Missiles
 C - 5 boomerangs of dispersal (quivered)
 D - 8 boomerangs
Armour
 h - a +0 pair of gloves (worn)
 v - a +0 pair of boots (worn)
 y - the +4 ring mail of the Lute (worn) {rC+ Str+7}
   (You found it on level 6 of the Dungeon)

   Str:       It affects your strength (+7).
   rC:        It protects you from cold.
Jewellery
 b - a +4 ring of evasion (left hand)
 t - a ring of protection from fire (right hand)
 E - an amulet of regeneration (around neck)
 N - a ring of positive energy
Wands
 g - a wand of digging (5)
 G - a wand of flame (17)
 O - a wand of iceblast (3)
Scrolls
 c - a scroll of fog
 i - a scroll of silence {unknown}
 j - 10 scrolls of identify {unknown}
 l - 6 scrolls of teleportation {unknown}
 m - a scroll of magic mapping
 p - 3 scrolls of immolation {unknown}
 q - a scroll of blinking {unknown}
 u - 2 scrolls of noise {unknown}
 x - 2 scrolls of fear
 z - a scroll of holy word {unknown}
 B - a scroll of amnesia {unknown}
 J - 2 scrolls of enchant weapon {unknown}
 M - a scroll of vulnerability {unknown}
Potions
 d - 2 potions of invisibility {unknown}
 f - 2 potions of haste
 k - 6 potions of flight {unknown}
 n - a potion of might
 o - 2 potions of berserk rage {unknown}
 r - 2 potions of attraction {unknown}
 s - a potion of ambrosia {unknown}
 w - 2 potions of curing {unknown}
 A - a potion of cancellation {unknown}
 F - 2 potions of magic {unknown}
 H - 3 potions of heal wounds {unknown}
 K - a potion of lignification {unknown}


   Skills:
 + Level 8.2 Fighting
 + Level 7.1 Axes
 + Level 4.2 Throwing
 + Level 7.0 Armour
 + Level 7.2 Dodging
 - Level 4.5 Stealth
 + Level 4.5 Evocations


You had 9 spell levels left.
You didn't know any spells.
Your spell library contained the following spells:

 Spells                   Type           Power      Damage    Failure   Level
 Corpse Rot               Necr/Air       0%         N/A       63%         2
 Ensorcelled Hibernation  Hex/Ice        0%         N/A       63%         2
 Poisonous Vapours        Pois/Air       0%         N/A       63%         2
 Gell's Gravitas          Tloc           0%         N/A       85%         3
 Lesser Beckoning         Tloc           0%         N/A       85%         3
 Teleport Other           Tloc           0%         N/A       85%         3
 Tukima's Dance           Hex            0%         N/A       85%         3


Dungeon Overview and Level Annotations

Branches:
Dungeon (8/15)             Temple (1/1) D:4         Ossuary (visited)
   Lair: D:8-11

Altars:
Ashenzari
Cheibriados
Dithmenos
Elyvilon
Fedhas
Hepliaklqana
Kikubaaqudgha
Makhleb
Okawaru
Qazlal
Ru
Trog
Uskayaw
Wu Jian
Xom
Yredelemnul
Zin
The Shining One


Innate Abilities, Weirdness & Mutations

You have very sharp fingernails.
You may rarely emit foul miasma when damaged in melee.
You are mostly covered in sharp spines.
You are mostly covered in razor-sharp scales. (AC +2, Slay +2)


Message History

The freezing wraith completely misses you.
The freezing wraith hits you. The freezing wraith drains your vigour!
You feel yourself slow down.
You hit the freezing wraith but do no damage.
The freezing wraith is heavily damaged.
The freezing wraith misses you. The freezing wraith barely misses you.
Unknown command.
You completely miss the freezing wraith.
The freezing wraith is heavily damaged.
The freezing wraith hits you. The freezing wraith freezes you!
The freezing wraith hits you but does no damage.
The freezing wraith closely misses you. The freezing wraith misses you.
Unknown command.
You barely miss the freezing wraith.
The freezing wraith is heavily damaged.
The freezing wraith hits you. The freezing wraith freezes you!
The freezing wraith completely misses you.
The freezing wraith is struck by your spines.
The freezing wraith hits you. The freezing wraith freezes you!
* * * LOW HITPOINT WARNING * * *
The freezing wraith hits you but does no damage.
You are too injured to fight recklessly!
Unknown command.
You are too injured to fight recklessly!
You see here a +0 chain mail.
Okay, then.
Unknown command.
You hit the freezing wraith. You burn the freezing wraith.
The freezing wraith is severely damaged.
The freezing wraith closely misses you.
The freezing wraith hits you but does no damage. x2
The freezing wraith closely misses you.
You hit the freezing wraith. You burn the freezing wraith.
The freezing wraith is severely damaged.
The freezing wraith misses you. The freezing wraith barely misses you.
The freezing wraith is struck by your spines.
The freezing wraith hits you!
* * * LOW HITPOINT WARNING * * *
The freezing wraith freezes you!!
You die...

###########.......#####.##.......
..........##'#.##.......##.#...##
.###...##....#.##.#####..#.###.##
..##...#######.##.#...#......#...
..##...# #.##.#.#.#......####
..##...# #.#..#.#.#.#..#.....
..##...# #.#....#.#.#.>#)##.#
.......# #.######...##.......
.......#######..@W...#####......#
..............######.#..........#
..........###.#....#.#.####.....#
'###....#.# #[##.#.#......'.....#
.# #....#.# #[##.#.###.####.....#
.# #....#.# #.#......#.# #######
.# ####.#.# #.#..#..##.#
.######.#.# #.#..#..##.#
.....##.#.# #[#..#.(##.#


You could see a freezing wraith.

Vanquished Creatures
  A hydra (D:6)
  Pikel (D:7)
  An orc knight (D:8)
  Joseph (D:8)
  Psyche (D:8)
  A freezing wraith (D:7)
  Grinder (D:6)
  A slime creature (D:8)
  A shadow (D:6)
  Eustachio (D:4)
  Menkaure (Ossuary)
  A steam dragon (D:7)
  A water moccasin (D:6)
  Duvessa (D:5)
  An orc warrior (D:8)
  A sky beast (D:8)
  A hornet zombie (D:7)
  A black bear (D:6)
  2 ogres
  A centaur (D:5)
  6 necrophages
  A phantom (D:6)
  A lemure (D:7)
  7 bullfrogs
  2 scorpions
  Dowan (D:5)
  15 wights
  An electric eel (D:7)
  4 howler monkeys
  2 centaur zombies (D:7)
  3 hounds (D:5)
  3 jellies
  3 orc priests
  A bullfrog skeleton (D:6)
  A scorpion zombie (D:5)
  5 orc wizards
  3 iguanas
  3 killer bee zombies
  A hound skeleton (D:4)
  3 mummies (Ossuary)
  5 gnolls
  2 howler monkey zombies
  9 adders
  A shadow imp (D:8)
  2 adder skeletons
  A worm (D:3)
  A dart slug (D:4)
  11 orcs
  4 ball pythons
  7 endoplasms
  3 giant cockroaches
  6 gnoll zombies (Ossuary)
  4 goblins
  5 hobgoblins
  2 quokkas
  A bat (D:2)
  6 frilled lizards
  4 gnoll skeletons (Ossuary)
  6 goblin skeletons (Ossuary)
  4 goblin zombies (Ossuary)
  3 hobgoblin skeletons (Ossuary)
  5 hobgoblin zombies (Ossuary)
  8 kobolds
  6 kobold skeletons (Ossuary)
  A kobold zombie (Ossuary)
  6 orc skeletons (Ossuary)
  4 orc zombies (Ossuary)
  3 rats
  5 rat zombies (Ossuary)
212 creatures vanquished.

Vanquished Creatures (others)
  2 plants (D:7)
  A withered plant (D:7)
3 creatures vanquished.

Grand Total: 215 creatures vanquished

Notes
Turn   | Place    | Note
-------+----------+-------------------------------------------
     0 | D:5      | flotson the Demonspawn Delver began the quest for the Orb.
     0 | D:5      | Reached XP level 1. HP: 18/18 MP: 1/1
    24 | D:5      | Noticed an iguana
   117 | D:4      | Gained mutation: You have sharp fingernails. [demonic
                  | ancestry]
   117 | D:4      | Reached XP level 2. HP: 14/24 MP: 2/2
   243 | D:4      | Noticed a howler monkey
   256 | D:4      | Killed a howler monkey
   257 | D:4      | Reached skill level 1 in Armour
   257 | D:4      | Reached XP level 3. HP: 29/29 MP: 3/3
   293 | D:4      | Noticed a necrophage
   295 | D:4      | Gained mutation: You are partially covered in razor-sharp
                  | scales. (AC +1, Slay +1) [demonic ancestry]
   295 | D:4      | Reached XP level 4. HP: 36/36 MP: 4/4
   310 | D:3      | Found an iron altar of Okawaru.
  1177 | D:2      | Found a faded altar of an unknown god.
  1295 | D:2      | Gained mutation: You are partially covered in sharp spines.
                  | [demonic ancestry]
  1295 | D:2      | Reached XP level 5. HP: 42/42 MP: 5/5
  1864 | D:3      | Reached skill level 4 in Fighting
  1936 | D:3      | Found a broken altar of Ashenzari.
  1965 | D:3      | You fall into a shaft and drop 1 floor!
  1973 | D:4      | Found a staircase to the Ecumenical Temple.
  1978 | Temple   | Entered the Ecumenical Temple
  2488 | D:3      | Found a shimmering altar of Xom.
  2826 | D:4      | Noticed a necrophage
  2835 | D:4      | Killed a necrophage
  2836 | D:4      | Gained mutation: You have very sharp fingernails. [demonic
                  | ancestry]
  2836 | D:4      | Reached XP level 6. HP: 43/49 MP: 6/6
  3001 | D:4      | Identified the +0 robe "Vubucom" {*Corrode Dex+3 Slay+2
                  | Stlth+}
  3154 | D:4      | Noticed Eustachio
  3170 | D:4      | Killed Eustachio
  3171 | D:4      | Gained mutation: You are mostly covered in razor-sharp
                  | scales. (AC +2, Slay +2) [demonic ancestry]
  3171 | D:4      | Reached XP level 7. HP: 29/55 MP: 7/7
  3711 | D:5      | Noticed Duvessa
  3713 | D:5      | Reached skill level 5 in Fighting
  3714 | D:5      | Noticed Dowan
  3955 | D:5      | Killed Duvessa
  3961 | D:5      | Killed Dowan
  3962 | D:5      | Gained mutation: You may rarely emit foul miasma when
                  | damaged in melee. [demonic ancestry]
  3962 | D:5      | Reached XP level 8. HP: 52/63 MP: 8/8
  4143 | D:5      | Found a burning altar of Makhleb.
  4472 | D:6      | Identified the +4 ring mail of the Lute {rC+ Str+7}
  4486 | D:6      | Noticed Grinder
  4489 | D:6      | Paralysed by Grinder for 2 turns
  4500 | D:6      | Killed Grinder
  4501 | D:6      | Reached skill level 6 in Fighting
  4501 | D:6      | Reached skill level 5 in Axes
  4501 | D:6      | Reached skill level 5 in Dodging
  4743 | D:6      | Found a sand-covered staircase.
  4747 | Ossuary  | Entered an ossuary
  5042 | Ossuary  | Noticed Menkaure
  5049 | Ossuary  | Killed Menkaure
  5050 | Ossuary  | Reached skill level 5 in Armour
  5338 | D:6      | Gained mutation: You are mostly covered in sharp spines.
                  | [demonic ancestry]
  5338 | D:6      | Reached XP level 9. HP: 71/71 MP: 9/9
  5541 | D:6      | Noticed a four-headed hydra
  5547 | D:6      | Killed a four-headed hydra
  5548 | D:6      | Reached skill level 7 in Fighting
  5548 | D:6      | Reached skill level 1 in Throwing
  6199 | D:7      | Reached XP level 10. HP: 79/79 MP: 10/10
  6241 | D:7      | Noticed Pikel
  6275 | D:7      | Killed Pikel
  6357 | D:7      | Identified the +8 rapier "Grim" {flame, rElec rC- Will-
                  | SInv}
  6847 | D:8      | Noticed Psyche
  6850 | D:8      | Killed Psyche
  7293 | D:8      | Noticed Joseph
  7303 | D:8      | Killed Joseph
  7304 | D:8      | Reached skill level 8 in Fighting
  7368 | D:8      | Noticed a skeletal warrior
  7369 | D:8      | Found a runed translucent door.
  7371 | D:8      | Noticed a deep elf pyromancer
  7371 | D:8      | Noticed a centaur warrior
  7371 | D:8      | Noticed an orc knight
  7711 | D:8      | Killed an orc knight
  7726 | D:8      | Mangled by a freezing wraith

Illustrated notes

Levels and vault maps discovered:
D:1:      minmay_arrival_loop, layout_basic, serial_forest,
          infiniplex_forest_clump_C, infiniplex_forest_lined_corner,
          infiniplex_forest_straight_5, infiniplex_forest_fountain,
          infiniplex_forest_lined_3, infiniplex_forest_end_3,
          infiniplex_forest_zigzag_1
D:2:      layout_loops_ring, basic_ecumenical_altar
D:3:      layout_basic, lemuel_tele_altar, evilmike_ruin_ashenzari,
          nicolae_overflow_crystal_walls
D:4:      layout_gridville, temple_doors_ab, st_stairs_10,
          chequers_serial_rivers_small_b, dk_noncrumbling_4, uniq_eustachio
D:5:      layout_loops_cross, mainiacjoe_overflow_six_doors_small,
          minmay_misc_feat_secret_circle, cheibrodos_gnoll_hut, uniq_duvessa
D:6:      layout_loops_ring, nicolae_ossuary_entry_false_entrances,
          hangedman_minor_gate_pass, uniq_grinder
D:7:      layout_cave_pods, nicolae_elyvilon_temple_path, serial_undead,
          serial_undead_b, serial_undead_b, serial_undead_d, serial_undead_f,
          serial_undead_f, serial_undead_f, uniq_pikel
D:8:      minmay_gate_of_8, layout_basic, uniq_psyche, uniq_joseph
Temple:   cyrus_circular_temple

Skill      XL: |  1  2  3  4  5  6  7  8  9 10 |
---------------+-------------------------------+-----
Axes           | 2 3 4 5 6 7 |  7.1
Dodging        | 2 3 4 5 6 7 |  7.2
Armour         | 1 2 3 4 5 6 7 |  7.0
Fighting       | 4 5 6 7 8 |  8.2
Throwing       | 2 4 |  4.2
Evocations     | 3 4 |  4.5
Stealth        | |  4.5

Action                   |  1- 3 |  4- 6 |  7- 9 | 10-12 || total
-------------------------+-------+-------+-------+-------++-------
Melee: Hand axe          |     7 |       |       |       ||     7
       Trident           |    17 |   112 |   291 |    23 ||   443
       Rapier            |       |       |       |    90 ||    90
Evoke: Wand              |       |       |       |     4 ||     4
  Use: Scroll            |     2 |       |     1 |       ||     3
 Stab: Sleeping          |     1 |    15 |     5 |     4 ||    25
       Distracted        |       |     1 |     1 |     1 ||     3
Armor: Leather armour    |     7 |     6 |       |       ||    13
       Scale mail        |       |    15 |    17 |       ||    32
       Ring mail         |       |       |    35 |    28 ||    63
Dodge: Dodged            |    10 |    43 |   189 |    98 ||   340

Table legend: (Time is in decaauts)
 A = Elapsed time spent in this place.
 B = Non-inter-level travel time spent in this place.
 C = Inter-level travel time spent in this place.
 D = Time resting spent in this place.
 E = Time spent auto-exploring this place.
 F = Levels seen in this place.
 G = Mean time per level.
                   A        B        C        D        E       F      G
               +--------+--------+--------+--------+--------+-----+--------+
         Total |   7828 |   7568 |    260 |     69 |   5947 |  10 |  782.8 |
       Dungeon |   7278 |   7027 |    251 |     69 |   5608 |   8 |  909.8 |
        Temple |     50 |     41 |      9 |      0 |     35 |   1 |   50.0 |
       Ossuary |    499 |    499 |      0 |      0 |    304 |   1 |  499.0 |
               +--------+--------+--------+--------+--------+-----+--------+

Top non-repeatable levels by time:
     D:4: 1254 daAuts
     D:6: 1125 daAuts
     D:3: 916 daAuts
     D:8: 913 daAuts
     D:7: 874 daAuts
     D:2: 829 daAuts
     D:5: 746 daAuts
     D:1: 618 daAuts
 Ossuary: 499 daAuts
  Temple: 50 daAuts
